 Dungeon Crawl Stone Soup version 0.27-b1-41-gafb5482f4b (webtiles) character file.

Game seed: 13427449283986880516

94 horus123 the Firebug (level 4, 0/24 HPs)
             Began as a Deep Elf Fire Elementalist on July 28, 2021.
             Slain by a gnoll (6 damage)
             ... on level 2 of the Dungeon.
             The game lasted 00:09:47 (1685 turns).

horus123 the Firebug (Deep Elf Fire Elementalist)   Turns: 1685, Time: 00:09:48

Health: 0/24       AC:  3    Str:  5    XL:     4   Next: 38%
Magic:  8/12       EV: 12    Int: 21    God:
Gold:   74         SH:  0    Dex: 15    Spells: 2/11 levels left

rFire    . . .     SeeInvis .   (no weapon)
rCold    . . .     Faith    .   (no shield)
rNeg     . . .     Spirit   .   a - +1 robe
rPois    .         Reflect  .   (no helmet)
rElec    .         Harm     .   (no cloak)
rCorr    .         Rampage  .   (no gloves)
Will     .....                  (no boots)
Stlth    ++........             (no amulet)
HPRegen  0.08/turn              (no ring)
MPRegen  0.13/turn              (no ring)

@: no status effects
A: no striking features
a: no special abilities


You were on level 2 of the Dungeon.
You visited 1 branch of the dungeon, and saw 3 of its levels.

You collected 74 gold pieces.

Inventory:

Missiles
 e - 56 stones
Armour
 a - a +1 robe (worn)
Jewellery
 j - a ring of poison resistance
Scrolls
 b - 2 scrolls of summoning
 g - a scroll of identify
 i - a scroll of enchant weapon {unknown}
 k - a scroll of teleportation
Potions
 c - a potion of degeneration {unknown}
 d - a potion of brilliance {unknown}
 f - a potion of curing {unknown}
 h - a potion of heal wounds


   Skills:
 + Level 2.6 Dodging
 + Level 3.0 Stealth
 + Level 4.0 Spellcasting
 + Level 1.7 Conjurations
 + Level 4.7 Fire Magic


You had 2 spell levels left.
You knew the following spells:

 Your Spells              Type           Power      Damage    Failure   Level
a - Foxfire               Conj/Fire      68%        2x1d7     3%          1
b - Sticky Flame          Conj/Fire      17%        2d4       30%         4
c - Inner Flame           Hex/Fire       14%        N/A       14%         3
d - Corona                Hex            4%         N/A       12%         1

Your spell library contained the following spells:

 Spells                   Type           Power      Damage    Failure   Level
 Animate Skeleton         Necr           8%         N/A       12%         1
 Apportation              Tloc           8%         N/A       12%         1
 Summon Small Mammal      Summ           16%        N/A       12%         1
 Conjure Flame            Conj/Fire      17%        6-21      10%         3
 Fireball                 Conj/Fire      8%         3d6       65%         5


Dungeon Overview and Level Annotations

Branches:
Dungeon (3/15)

Altars:


Message History

The hobgoblin shouts!
The gnoll shouts! x2
Found an escape hatch in the floor.
There is a stone staircase leading up here.
You can't go down here!
The gnoll hits you with a +2 spear of freezing.
The gnoll freezes you.
You climb upwards.
There is a stone staircase leading down here.
The gnoll misses you.
Casting: Corona (safe; 12% risk of failure)
Confirm with . or Enter, or press ? or * to list all spells.
Aiming: Corona (safe; 12% risk of failure)
Press: ? - help, Shift-Dir - straight line, f - gnoll
Aim: a gnoll, wielding a +2 spear of freezing (chance to affect: 47%)
The gnoll is outlined in light.
The gnoll hits you from afar with a +2 spear of freezing.
The gnoll freezes you.
Casting: Corona (safe; 12% risk of failure)
Confirm with . or Enter, or press ? or * to list all spells.
You conjure some foxfire!
The gnoll hits you from afar with a +2 spear of freezing.
The gnoll freezes you.
Your foxfire dissipates!
The foxfire hits the gnoll.
The gnoll is lightly wounded.
Casting: Foxfire (safe; 3% risk of failure)
Confirm with . or Enter, or press ? or * to list all spells.
You conjure some foxfire!
The gnoll hits you from afar with a +2 spear of freezing.
The gnoll freezes you.
* * * LOW HITPOINT WARNING * * *
The foxfire hits the gnoll.
The gnoll is moderately wounded.
The foxfire hits the gnoll.
The gnoll is severely wounded.
Casting: Foxfire (safe; 3% risk of failure)
Confirm with . or Enter, or press ? or * to list all spells.
You conjure some foxfire!
The gnoll hits you from afar with a +2 spear of freezing.
You die...

........#######......###.........
#....#..### #..........###.....
.#........#####......#.### #.....
.....................#..## ######
..#............########..#
................########.#
..#.#................# #.#
....#............§...###.###
....#.#.###....v@§g..>.....#
....#.#...##...v.§######...#
).....#...###.....#...###..#
.......#..###...)......###.#
.....#.#..##............##.## ###
..........#............<##..###..
.....#......#....................
...#.#.................###..##...
..##.##....####.............###..


You could see a gnoll (corona, ally target).

Vanquished Creatures
  A scorpion (D:2)
  An adder (D:2)
  3 endoplasms
  2 giant cockroaches (D:1)
  2 hobgoblins
  3 kobolds (D:2)
  3 ball pythons
  2 bats (D:2)
  A frilled lizard (D:2)
  3 goblins (D:1)
  3 rats (D:2)
24 creatures vanquished.

Vanquished Creatures (others)
  76 foxfires
76 creatures vanquished.

Grand Total: 100 creatures vanquished

Notes
Turn   | Place    | Note
-------+----------+-------------------------------------------
     0 | D:1      | horus123 the Deep Elf Fire Elementalist began the quest for
                  | the Orb.
     0 | D:1      | Reached XP level 1. HP: 10/10 MP: 6/6
   641 | D:1      | Reached XP level 2. HP: 15/15 MP: 4/8
  1051 | D:2      | Noticed a scorpion
  1070 | D:2      | Killed a scorpion
  1071 | D:2      | Reached XP level 3. HP: 19/19 MP: 2/10
  1071 | D:2      | Reached XP level 4. HP: 24/24 MP: 2/11
  1161 | D:2      | Learned a level 4 spell: Sticky Flame
  1165 | D:2      | Learned a level 3 spell: Inner Flame
  1300 | D:2      | Learned a level 1 spell: Corona
  1685 | D:2      | Slain by a gnoll

Illustrated notes

Levels and vault maps discovered:
D:1:      dpeg_arrival_line_fractal, layout_basic, minmay_tripent
D:2:      layout_rooms
D:3:      kennysheep_six_static_rooms, layout_rooms,
          gammafunk_temple_overflow_elements, ebering_ghost_sewer_f,
          skrybe_limestone_x

Skill      XL: |  1  2  3  4 |
---------------+-------------+-----
Fire Magic     | 4 |  4.7
Spellcasting   | 4 |  4.0
Stealth        | 3 |  3.0
Dodging        | |  2.6
Conjurations   | |  1.7

Action                   |  1- 3 |  4- 6 || total
-------------------------+-------+-------++-------
Melee: Unarmed           |     1 |       ||     1
 Cast: Foxfire           |    28 |    20 ||    48
       Corona            |       |     7 ||     7
       Inner Flame       |       |     1 ||     1
  Use: Scroll            |     4 |     3 ||     7
Armor: Robe              |     1 |       ||     1
Dodge: Dodged            |     4 |     4 ||     8
